 Dungeon Crawl Stone Soup version 0.18.1-50-g88ac8fd (webtiles) character file.

3253 tobikus the Protected (level 9, -19/81 HPs)
             Began as a Minotaur Berserker on Sept 20, 2016.
             Was a Priest of Trog.
             Killed by the air
             ... invoked by Gastronok
              (37 damage)
             ... on level 1 of the Lair of Beasts.
             The game lasted 00:31:10 (4572 turns).

tobikus the Protected (Minotaur Berserker)          Turns: 4572, Time: 00:31:11

Health: -19/81     AC: 24    Str: 24    XL:     9   Next: 67%
Magic:  8/8        EV:  9    Int:  4    God:    Trog [***...]
Gold:   220        SH: 11    Dex: 11    Spells: 0 memorised, 8 levels left

rFire  . . .     SeeInvis .     b - +0 mace (protect)
rCold  + . .     Gourm    .     d - +0 chain mail
rNeg   . . .     Faith    .     t - +0 shield
rPois  .         Spirit   .     (helmet restricted)
rElec  .         Dismiss  .     r - +2 cloak {+Inv}
rCorr  .         Reflect  .     (no gloves)
SustAt .         Harm     .     (no boots)
MR     .....                    (no amulet)
Stlth  ..........               (no ring)
                                a - +5 ring of protection

@: not resistant to hostile enchantments, extremely unstealthy
A: retaliatory headbutt, horns 2, cold resistance 1, MP-powered wands
a: Berserk, Trog's Hand, Burn Spellbooks, Renounce Religion, Evoke Invisibility


You were on level 1 of the Lair of Beasts.
You worshipped Trog.
Trog was most pleased with you.
You were not hungry.

You visited 3 branches of the dungeon, and saw 10 of its levels.

You collected 244 gold pieces.
You spent 24 gold pieces at shops.

Inventory:

Hand Weapons
 b - a +0 mace of protection (weapon)
Armour
 d - a +0 chain mail (worn)
 r - a +2 cloak of invisibility (worn)
 t - a +0 shield (worn)
Jewellery
 a - a +5 ring of protection (left hand)
 u - an uncursed ring of protection from magic {unknown}
Scrolls
 e - 3 scrolls of teleportation
 f - a scroll of remove curse
 i - a scroll of immolation
 n - a scroll of enchant weapon {unknown}
 o - 2 scrolls of amnesia {unknown}
 v - a scroll of random uselessness {unknown}
Potions
 k - 2 potions of berserk rage
 l - 3 potions of curing
 m - a potion of magic {unknown}
 s - a potion of beneficial mutation {unknown}
Comestibles
 c - 2 bread rations
 h - 2 meat rations
 p - a royal jelly


   Skills:
 + Level 7.8 Fighting
 + Level 8.0 Maces & Flails
 + Level 9.3 Armour
 + Level 5.7 Dodging
 + Level 1.5 Stealth
 + Level 6.7 Shields


You had 8 spell levels left.
You didn't know any spells.

Dungeon Overview and Level Annotations

Branches:
Dungeon (8/15)             Temple (1/1) D:4            Lair (1/8) D:8

Altars:
Dithmenos
Elyvilon
Fedhas
Makhleb
Nemelex Xobeh
Okawaru
Pakellas
Qazlal
Ru
Trog
Vehumet
Xom
Zin
The Shining One

Shops:
D:4 (?

Annotations:
Lair:1 Gastronok


Innate Abilities, Weirdness & Mutations

You reflexively headbutt those who attack you in melee.
You have a pair of horns on your head.
Your flesh is cold resistant.
You expend magic power (3 MP) to strengthen your wands.


Message History

You sock the water moccasin!
You kill the water moccasin!
Trog accepts your kill.
Your Maces & Flails skill increases to level 8!
You see here a water moccasin corpse.
Gastronok gurgles, "I bet you'll be tasty."
Gastronok waves his eye-stalks in wide circles.
The air twists around and strikes you!
* * * LOW HITPOINT WARNING * * *
Gastronok waves his eye-stalks in wide circles.
The air twists around and strikes you!
You see here an iguana corpse.
You start resting.
Gastronok's eyestalks quiver as he mumbles some strange words.
Gastronok puts on a burst of speed!
You start resting.
Gastronok is nearby!
Gastronok waves his eye-stalks in wide circles.
The air twists around and strikes you!
You die...

. .# ## ###### .#
##.#######....#..#
###.#......†....#..###.
........................
....##....###....#..###.
... ##....######.#..##..
...#....@.####..#......
.............w†........
....#..............#...
....#.<.........#..#...
.......................
.....##.#.##.###........
........................
........................
.................#......


You could see Gastronok.

Vanquished Creatures
  Erolcha (D:8)
  The ghost of 2tousent the Cudgeler, a novice DsFi (D:6)
  A komodo dragon (D:8)
  A water moccasin (Lair:1)
  An orc warrior (D:7)
  Duvessa (D:6)
  4 ogres
  A phantom (D:4)
  The ghost of Drunkenshrew the Charmwright, an amateur HESk (D:4)
  Blork the orc (D:4)
  2 giant frogs
  A gnoll sergeant (D:7)
  Dowan (D:6)
  6 killer bees (D:7)
  A howler monkey (D:6)
  A crimson imp (D:5)
  A giant frog zombie (D:5)
  A jelly (D:4)
  An orc priest (D:6)
  2 orc wizards (D:4)
  2 giant frog skeletons
  2 iguanas
  4 worker ants
  3 adders (D:5)
  8 gnolls
  A worm (D:3)
  A dart slug (D:2)
  2 giant geckos
  12 orcs
  6 giant cockroaches
  A goblin (D:1)
  5 hobgoblins
  8 jackals
  A quokka (D:4)
  3 bats
  A giant gecko skeleton (D:4)
  3 giant newts
  2 kobolds
  4 rats
  A plant (D:8)
100 creatures vanquished.

Vanquished Creatures (others)
  A plant (D:8)
1 creature vanquished.

Grand Total: 101 creatures vanquished

Notes
Turn   | Place    | Note
--------------------------------------------------------------
     0 | D:1      | tobikus the Minotaur Berserker began the quest for the Orb.
     0 | D:1      | Reached XP level 1. HP: 19/19 MP: 0/0
   420 | D:2      | Reached XP level 2. HP: 24/27 MP: 1/1
  1134 | D:3      | Reached ** piety under Trog
  1334 | D:3      | Reached XP level 3. HP: 22/34 MP: 2/2
  1802 | D:4      | Found Xoczoaqi's Weapon Shoppe.
  1915 | D:4      | Reached skill level 3 in Armour
  1925 | D:4      | Reached XP level 4. HP: 36/41 MP: 3/3
  2042 | D:4      | Found a staircase to the Ecumenical Temple.
  2079 | D:4      | Reached XP level 5. HP: 33/47 MP: 4/4
  2112 | Temple   | Entered the Ecumenical Temple
  2286 | D:4      | Found Seygh's Magic Scroll Boutique.
  2295 | D:4      | Bought a scroll of identify for 24 gold pieces
  2331 | D:4      | Noticed a phantom
  2338 | D:4      | Noticed Blork the orc
  2353 | D:4      | Killed a phantom
  2353 | D:4      | Reached skill level 5 in Fighting
  2353 | D:4      | Reached skill level 4 in Armour
  2353 | D:4      | Reached skill level 1 in Stealth
  2357 | D:4      | Killed Blork the orc
  2357 | D:4      | Reached skill level 5 in Maces & Flails
  2357 | D:4      | Reached XP level 6. HP: 43/56 MP: 5/5
  2364 | D:4      | Noticed Drunkenshrew's ghost (amateur HESk)
  2391 | D:4      | Killed Drunkenshrew's ghost
  2491 | D:5      | Entered Level 5 of the Dungeon
  2499 | D:5      | Reached skill level 5 in Armour
  2575 | D:5      | Reached XP level 7. HP: 61/61 MP: 6/6
  2853 | D:5      | Reached skill level 6 in Armour
  3093 | D:5      | Paralysed by fainting for 6 turns
  3105 | D:5      | Paralysed by fainting for 9 turns
  3130 | D:5      | Paralysed by fainting for 6 turns
  3150 | D:5      | Paralysed by fainting for 5 turns
  3196 | D:6      | Found a burning altar of Makhleb.
  3511 | D:6      | Noticed 2tousent's ghost (novice DsFi)
  3538 | D:6      | Killed 2tousent's ghost
  3538 | D:6      | Reached skill level 7 in Armour
  3538 | D:6      | Reached skill level 1 in Shields
  3538 | D:6      | Reached XP level 8. HP: 49/71 MP: 7/7
  3585 | D:6      | Reached *** piety under Trog
  3588 | D:6      | Noticed Duvessa
  3589 | D:6      | Noticed Dowan
  3624 | D:6      | Killed Duvessa
  3643 | D:6      | Killed Dowan
  3643 | D:6      | Reached skill level 8 in Armour
  4055 | D:7      | Found a sparkling altar of Nemelex Xobeh.
  4119 | D:7      | Reached skill level 5 in Dodging
  4278 | D:7      | Reached XP level 9. HP: 44/79 MP: 8/8
  4430 | D:8      | Noticed Erolcha
  4447 | D:8      | Killed Erolcha
  4447 | D:8      | Reached skill level 9 in Armour
  4451 | D:8      | Found a staircase to the Lair.
  4451 | D:8      | Noticed a komodo dragon
  4471 | D:8      | Killed a komodo dragon
  4494 | Lair:1   | Entered Level 1 of the Lair of Beasts
  4494 | Lair:1   | Noticed Gastronok
  4505 | Lair:1   | Gained mutation: Your flesh is cold resistant. [potion of mutation]
  4505 | Lair:1   | Gained mutation: You expend magic power (3 MP) to strengthen your wands. [potion of mutation]
  4572 | Lair:1   | Killed from afar by Gastronok

Skill      XL: |  1  2  3  4  5  6  7  8  9 |
---------------+----------------------------+-----
Fighting       | 4 5 6 7 |  7.8
Maces & Flails | 4 5 6 7 8 |  8.0
Armour         | 3 4 5 7 8 9 |  9.3
Dodging        | 3 4 5 |  5.7
Stealth        | 1 |  1.5
Shields        | 1 4 6 |  6.7

Action                   |  1- 3 |  4- 6 |  7- 9 || total
-------------------------+-------+-------+-------++-------
Melee: Mace              |    57 |    99 |   270 ||   426
       Headbutt          |    13 |    22 |    65 ||   100
  Use: Scroll            |     6 |     2 |     2 ||    10
       Potion            |     1 |       |     7 ||     8
  Eat: Bread ration      |     1 |       |     2 ||     3
Armor: Animal skin       |     8 |       |       ||     8
       Chain mail        |    17 |    89 |   161 ||   267
Dodge: Dodged            |    37 |    51 |    85 ||   173
Block: Shield            |       |       |   122 ||   122
